 Dungeon Crawl Stone Soup version 0.18.1-5-g4a78601 (webtiles) character file.

604 TheHangedMan the Destroyer (level 7, -8/41 HPs)
             Began as a High Elf Wizard on May 11, 2016.
             Killed by divine providence
             ... invoked by an orc priest
              (13 damage)
             ... on level 4 of the Dungeon.
             The game lasted 00:09:01 (2524 turns).

TheHangedMan the Destroyer (High Elf Wizard)        Turns: 2524, Time: 00:09:02

Health: -8/41      AC:  3    Str:  4    XL:     7   Next: 18%
Magic:  1/13       EV: 12    Int: 24    God:
Gold:   141        SH:  0    Dex: 14    Spells: 6 memorised, 1 level left

rFire  . . .     SeeInvis .     w - +0 spear
rCold  . . .     Gourm    .     a - +0 robe
rNeg   . . .     Faith    .     (no shield)
rPois  +         Spirit   .     b - +0 hat
rElec  .         Dismiss  .     (no cloak)
rCorr  .         Reflect  .     (no gloves)
SustAt .         Harm     .     o - +0 pair of boots
MR     .....                    j - amulet of regeneration
Stlth  ++........               C - -2 ring of strength (curse)
                                q - ring of poison resistance

@: about to teleport, not resistant to hostile enchantments, unstealthy
A: no striking features
a: no special abilities


You were on level 4 of the Dungeon.
You were hungry.

You visited 1 branch of the dungeon, and saw 4 of its levels.

You collected 141 gold pieces.

Inventory:

Hand Weapons
 w - a +0 spear (weapon)
 B - a cursed -1 short sword
Armour
 a - a +0 robe (worn)
 b - a +0 hat (worn)
 o - a +0 pair of boots (worn)
Jewellery
 j - an amulet of regeneration (around neck)
 q - a ring of poison resistance (left hand)
 C - a cursed -2 ring of strength (right hand)
Wands
 y - a wand of flame (26/48)
Scrolls
 e - a scroll of amnesia
 m - a scroll of recharging {unknown}
 n - 5 scrolls of remove curse {unknown}
 p - a scroll of magic mapping {unknown}
 u - a scroll of identify {unknown}
 v - a scroll of fog {unknown}
Potions
 f - 2 potions of cure mutation {unknown}
 i - a potion of curing {unknown}
 l - 2 potions of agility {unknown}
 r - a potion of haste {unknown}
 t - a potion of cancellation {unknown}
 z - 2 potions of lignification {unknown}
Books
 c - a book of Minor Magic

   Spells                             Type                      Level
   a - Magic Dart                     Conjuration                  1
   b - Blink                          Translocation                2
   c - Call Imp                       Summoning                    2
   d - Repel Missiles                 Charms/Air                   2
   e - Slow                           Hexes                        2
   f - Conjure Flame                  Conjuration/Fire             3
   g - Mephitic Cloud                 Conjuration/Poison/Air       3
 s - a book of the Dragon

   Spells                             Type                      Level
   a - Flame Tongue                   Conjuration/Fire             1
   b - Cause Fear                     Hexes                        4
   c - Bolt of Fire                   Conjuration/Fire             6
   d - Dragon Form                    Transmutation                7
   e - Dragon's Call                  Summoning                    9
Comestibles
 d - 3 bread rations
 g - 8 fruits
 k - 5 meat rations
 x - a beef jerky
 A - 4 chunks of flesh


   Skills:
 - Level 2.1 Dodging
 - Level 2.1 Stealth
 - Level 3.6 Spellcasting
 + Level 8.5 Conjurations
   Level 0.8 Summonings
 - Level 1.1 Translocations


You had one spell level left.
You knew the following spells:

 Your Spells              Type           Power        Failure   Level  Hunger
a - Magic Dart            Conj           ####         1%          1    None
b - Blink                 Tloc           N/A          12%         2    #......
c - Conjure Flame         Conj/Fire      ###.....     6%          3    ###....
d - Mephitic Cloud        Conj/Pois/Air  ###.....     12%         3    ###....
e - Repel Missiles        Chrm/Air       #.....       17%         2    #......
f - Flame Tongue          Conj/Fire      ###..        1%          1    None


Dungeon Overview and Level Annotations

Branches:
Dungeon (4/15)
 Temple: D:4-7

Altars:
Gozag

Annotations:
D:4 Menkaure


Message History

You are feeling hungry.
An ogre comes into view. It is wielding a giant club.
Read which item? (? for menu, Esc to quit)
As you read the scroll labeled VUUG DIFOUB, it crumbles to dust.
It is a scroll of amnesia.
Forget which spell ([?*] list [ESC] exit)?
Forget which spell ([?*] list [ESC] exit)?
Okay, then.
Menkaure calls on the powers of darkness!
The orc priest convulses!
The ogre convulses!
The hound convulses!
Your body is wracked with pain!
* * * LOW HITPOINT WARNING * * *
The ogre convulses!
The hound closely misses you.
Read which item? (? for menu, Esc to quit)
As you read the scroll labeled ITWUDO XADIKE, it crumbles to dust.
You feel strangely unstable.
It was a scroll of teleportation.
The hound closely misses you.
The orc priest invokes the aid of Beogh against you.
Beogh smites you!
You die...

..#..........##
#ยง# #...........##
#O# #......".....#
#.######
(..#..........#
#......# .
..######M..o...#
#.####.# .# ..
##.....## #.#....#
..
#...O...###...#..##
#.
#...h...#.....#...#
..
#...@...#...#.###.#
#. #
##..O..##...#.....#
#.## .##
##...###.#.###..##
..<###..####
##.##...#.....##
#...........
##..#.#.###...#
##...##..##
.....#.....#.#
###.# #.#
##.#.###.#......#
#.###.#
#.......###....#
#..##.#
###...#####..###


You could see 2 ogres, Menkaure, a hound and an orc priest.

Vanquished Creatures
  Sigmund (D:4)
  Duvessa (D:4)
  An ogre (D:3)
  Dowan (D:4)
  An orc priest (D:4)
  Natasha (thrice) (D:2)
  5 adders
  An ooze (D:2)
  2 dart slugs
  3 giant geckos
  An orc (D:4)
  A giant cockroach (D:2)
  12 goblins
  9 hobgoblins
  A quokka (D:2)
  3 bats
  A giant newt (D:4)
  7 kobolds
  3 rats
57 creatures vanquished.

Vanquished Creatures (others)
  4 toadstools (D:1)
4 creatures vanquished.

Grand Total: 61 creatures vanquished

Notes
Turn   | Place    | Note
--------------------------------------------------------------
     0 | D:1      | TheHangedMan the High Elf Wizard began the quest for the Orb.
     0 | D:1      | Reached XP level 1. HP: 11/11 MP: 6/6
   207 | D:1      | Reached skill level 2 in Conjurations
   322 | D:1      | Reached XP level 2. HP: 17/17 MP: 2/7
   906 | D:2      | Reached skill level 3 in Conjurations
  1111 | D:2      | Reached XP level 3. HP: 21/21 MP: 7/9
  1114 | D:2      | Learned a level 1 spell: Flame Tongue
  1118 | D:2      | Learned a level 2 spell: Blink
  1122 | D:2      | Learned a level 3 spell: Conjure Flame
  1143 | D:2      | Noticed Natasha
  1147 | D:2      | Killed Natasha
  1147 | D:2      | Reached skill level 4 in Conjurations
  1199 | D:2      | Reached XP level 4. HP: 27/27 MP: 5/10
  1206 | D:2      | Learned a level 3 spell: Mephitic Cloud
  1505 | D:2      | Noticed Natasha
  1510 | D:2      | Killed Natasha
  1510 | D:2      | Reached skill level 5 in Conjurations
  1560 | D:2      | Noticed Natasha
  1563 | D:2      | Killed Natasha
  1563 | D:2      | Reached XP level 5. HP: 31/31 MP: 6/11
  1723 | D:3      | Noticed an ogre
  1749 | D:3      | Killed an ogre
  1749 | D:3      | Reached skill level 6 in Conjurations
  2218 | D:4      | Noticed Duvessa
  2220 | D:4      | Noticed Dowan
  2238 | D:4      | Killed Duvessa
  2238 | D:4      | Reached skill level 7 in Conjurations
  2238 | D:4      | Reached XP level 6. HP: 31/36 MP: 4/12
  2260 | D:4      | Killed Dowan
  2422 | D:4      | Noticed Sigmund
  2445 | D:4      | Killed Sigmund
  2445 | D:4      | Reached skill level 8 in Conjurations
  2445 | D:4      | Reached XP level 7. HP: 41/41 MP: 3/13
  2454 | D:4      | Learned a level 2 spell: Repel Missiles
  2513 | D:4      | Noticed Menkaure
  2515 | D:4      | Found an opulent altar of Gozag.
  2524 | D:4      | Killed from afar by an orc priest

Skill      XL: |  1  2  3  4  5  6 |
---------------+-------------------+-----
Conjurations   | 2 3 4 5 7 8 |  8.5
Dodging        | |  2.1
Stealth        | |  2.1
Spellcasting   | |  3.6
Summonings     | |  0.8
Translocations | |  1.1

Action                   |  1- 3 |  4- 6 |  7- 9 || total
-------------------------+-------+-------+-------++-------
Melee: Spear             |       |    49 |    10 ||    59
 Cast: Magic Dart        |    60 |    63 |     4 ||   127
       Conjure Flame     |       |     2 |     1 ||     3
       Mephitic Cloud    |       |     4 |     1 ||     5
       Blink             |       |       |     1 ||     1
  Use: Scroll            |       |       |     2 ||     2
 Stab: Confused          |       |     4 |     1 ||     5
  Eat: Chunk             |       |     5 |       ||     5
Armor: Robe              |     1 |     3 |       ||     4
Dodge: Dodged            |     4 |    12 |     5 ||    21
